Map: Dusk Towers

Players

LilDicky

  • Race: Zerg Zerg
  • League: Diamond

Nathan - Winner!

  • Race: Protoss Protoss
  • League: Silver

VOD

http://www.twitch.tv/tumescentpie

Description

Time

  • Played on: Dec. 25, 2015, 9:49 p.m.
  • Length: 13:18
Show
View Real Time Build Order
Export as new Build Order

LilDicky Zerg 

Build Orders: 3 Hatch before Pool, Lurkers 

Get SALT Encoding   

  12  0:03  Drone  
  13  0:15  Drone  
  14  0:37  Hatchery  
  13  0:43  Drone  
  14  1:03  Hatchery  
  13  1:19  Spawning Pool  
  13  1:23  Drone  
  14  1:25  Drone  
  14  1:34  Overlord  
  14  2:05  Queen x2  
  18  2:14  Extractor  
  17  2:16  Queen  
  17  2:21  Drone  
  17  2:22  Drone x2  
  22  2:31  Drone x2  
  25  2:37  Drone  
  25  2:48  Queen  
  27  3:00  Drone  
  27  3:01  Drone x2  
  27  3:02  Drone, Extractor  
  30  3:35  Drone  
  30  3:36  Drone x3  
  30  3:38  Overlord  
  30  3:40  Overlord  
  34  3:45  Spore Crawler  
  34  3:47  Spore Crawler  
  32  3:50  Spore Crawler  
  32  3:53  Drone x3  
  34  4:02  Spine Crawler  
  33  4:10  Drone x2  
  33  4:11  Drone x2  
  37  4:18  Lair  
  37  4:25  Evolution Chamber  
  36  4:36  Drone x5  
  41  5:03  Drone  
  41  5:04  Drone x8  
  41  5:05  Overlord  
  41  5:06  Overlord  
  50  5:23  Overlord  
  50  5:26  Drone x3  
  50  5:27  Drone x2  
  55  5:37  Extractor  
  55  5:40  Extractor  
  55  5:42  Metabolic Boost, Hydralisk Den  
  52  5:49  Overlord  
  52  5:50  Overlord  
  52  5:53  Drone x3  
  52  5:54  Drone  
  56  6:20  Hydralisk  
  56  6:21  Hydralisk x14  
  86  6:32  Roach Warren  
  85  6:37  Hatchery  
  84  7:05  Drone x6  
  90  7:08  Overlord x2  
  90  7:26  Queen  
  90  7:28  Lurker Den  
  92  7:41  Roach  
  92  7:42  Roach x6  
  106  7:47  Glial Reconstitution  
  106  7:54  Extractor x2  
  104  8:02  Spine Crawler  
  103  8:08  Overseer  
  103  8:10  Spore Crawler  
  103  8:12  Roach  
  112  8:13  Roach x4  
  112  8:17  Hatchery  
  111  8:29  Drone  
  111  8:30  Overlord x3  
  111  8:31  Overlord  
  112  8:55  Lurker x5  
  117  9:28  Drone x9  
  126  9:31  Drone  
  126  9:32  Drone x15  
  126  9:33  Drone  
  126  9:35  Extractor  
  131  10:09  Hydralisk  
  131  10:11  Hydralisk x5  
  131  10:12  Hydralisk x6  
  141  10:21  Overlord x3  
  141  10:22  Overlord x4  
  141  10:41  Hydralisk  
  135  10:43  Hydralisk x3  
  135  10:44  Hydralisk x7  
  115  11:22  Hydralisk x15  
  145  11:29  Spine Crawler x2  
  145  11:31  Spine Crawler x6  
  134  11:33  Spore Crawler  
  134  11:34  Spore Crawler x2  
  134  11:35  Spore Crawler  
  134  11:36  Spore Crawler  
  134  11:37  Spore Crawler  
  125  11:52  Infestation Pit  
  82  12:36  Zergling x24  
  82  12:37  Zergling x24  
Show
View Real Time Build Order
Export as new Build Order

Nathan Protoss - Winner!

Build Orders: Colossus Rush 

Get SALT Encoding   

  12  0:01  Probe (Chrono Boost)  
  13  0:11  Probe (Chrono Boost)  
  14  0:17  Pylon  
  14  0:22  Probe (Chrono Boost)  
  15  0:36  Probe (Chrono Boost)  
  16  0:46  Probe (Chrono Boost)  
  18  0:57  Probe (Chrono Boost)  
  18  1:06  Nexus  
  18  1:07  Probe (Chrono Boost)  
  19  1:17  Gateway  
  19  1:19  Probe (Chrono Boost)  
  20  1:29  Probe (Chrono Boost)  
  21  1:35  Pylon  
  21  1:40  Probe (Chrono Boost), Assimilator  
  21  1:44  Assimilator  
  22  1:50  Probe (Chrono Boost)  
  23  2:04  Cybernetics Core  
  23  2:07  Probe (Chrono Boost)  
  24  2:14  Zealot  
  26  2:17  Probe (Chrono Boost)  
  26  2:20  Probe (Chrono Boost)  
  28  2:29  Probe (Chrono Boost)  
  29  2:31  Probe (Chrono Boost), Assimilator  
  29  2:36  Assimilator  
  30  2:45  Robotics Facility  
  30  2:47  Stalker  
  30  2:49  Probe (Chrono Boost), Pylon  
  33  2:52  Probe (Chrono Boost)  
  34  3:03  Probe x2 (Chrono Boost)  
  36  3:14  Probe x2 (Chrono Boost)  
  36  3:17  Stalker  
  40  3:24  Probe (Chrono Boost)  
  40  3:25  Probe (Chrono Boost)  
  42  3:33  Robotics Bay  
  42  3:35  Probe (Chrono Boost)  
  42  3:38  Probe (Chrono Boost)  
  44  3:46  Mothership Core (Chrono Boost), Immortal  
  50  3:49  Probe (Chrono Boost)  
  50  3:53  Zealot  
  53  4:00  Probe (Chrono Boost)  
  54  4:17  Pylon  
  54  4:19  Pylon  
  54  4:20  Pylon  
  54  4:30  Stargate  
  54  4:35  Probe x2 (Chrono Boost)  
  56  4:38  Colossus  
  56  4:41  Stalker  
  64  4:46  Extended Thermal Lance  
  64  4:48  Probe (Chrono Boost)  
  64  4:49  Probe (Chrono Boost)  
  66  5:10  Probe x2 (Chrono Boost)  
  66  5:13  Nexus  
  68  5:14  Stalker  
  68  5:17  Phoenix  
  72  5:22  Probe x2 (Chrono Boost)  
  74  5:32  Fleet Beacon  
  75  5:36  Probe x2 (Chrono Boost)  
  76  5:49  Pylon  
  76  5:52  Pylon  
  76  5:53  Pylon  
  76  6:01  Phoenix  
  78  6:07  Stalker  
  78  6:08  Probe x2 (Chrono Boost)  
  78  6:09  Colossus (Chrono Boost)  
  88  6:25  Probe x3 (Chrono Boost)  
  97  6:28  Phoenix  
  99  6:33  Anion Pulse-Crystals  
  99  6:35  Probe (Chrono Boost)  
  99  6:36  Probe x2 (Chrono Boost)  
  102  6:40  Assimilator  
  102  6:44  Assimilator  
  102  6:45  Stalker  
  104  6:51  Pylon  
  104  6:55  Pylon  
  104  7:03  Colossus (Chrono Boost)  
  110  7:08  Void Ray  
  110  7:15  Stalker  
  116  7:24  Forge  
  116  7:25  Forge  
  116  7:27  Forge  
  116  7:31  Probe  
  116  7:32  Probe  
  116  7:33  Probe  
  116  7:34  Pylon  
  116  7:35  Pylon  
  116  7:36  Pylon  
  119  7:42  Probe  
  120  7:45  Stalker, Probe x2  
  120  7:46  Void Ray  
  120  7:50  Colossus (Chrono Boost)  
  130  7:57  Pylon  
  134  7:59  Pylon  
  134  8:00  Pylon  
  134  8:15  Stalker, Nexus  
  134  8:18  Protoss Ground Weapons Level 1, Protoss Ground Armor Level 1  
  134  8:19  Protoss Shields Level 1  
  136  8:24  Observer Gravitic Boosters, Void Ray  
  136  8:33  Probe  
  140  8:34  Probe x2  
  140  8:37  Observer (Chrono Boost)  
  144  8:46  Probe  
  144  8:47  Stalker  
  147  8:57  Stargate, Protoss Air Weapons Level 1  
  147  9:02  Cybernetics Core  
  147  9:03  Robotics Facility  
  147  9:06  Phoenix  
  147  9:08  Colossus (Chrono Boost)  
  155  9:15  Pylon  
  155  9:16  Pylon  
  155  9:17  Stalker  
  155  9:19  Pylon  
  157  9:30  Void Ray  
  161  9:45  Assimilator  
  161  9:50  Assimilator  
  143  10:09  Void Ray  
  149  10:14  Colossus (Chrono Boost)  
  149  10:15  Probe x2, Void Ray  
  149  10:16  Probe x2  
  149  10:20  Assimilator  
  167  10:22  Colossus (Chrono Boost)  
  167  10:25  Probe  
  168  10:28  Probe  
  158  11:02  Observer (Chrono Boost)  
  156  11:08  Observer (Chrono Boost)  
  156  11:21  Twilight Council  
  162  11:39  Pylon  
  162  11:41  Probe  
  162  11:42  Probe x2, Pylon  
  162  11:44  Pylon  
  162  11:46  Colossus (Chrono Boost)  
  171  11:51  Void Ray  
  171  11:52  Colossus (Chrono Boost)  
  171  11:54  Pylon  
  171  11:55  Pylon  
  171  11:56  Void Ray  
  179  12:02  Stalker, Twilight Council  
  178  12:11  Pylon  
  148  12:34  Observer (Chrono Boost)  
  141  12:49  Observer (Chrono Boost)  
Tags
 
Add a new tag
Caveats
  • Supply blocks, unpowered buildings, or Contaminate may cause inaccurate times.
  • Supply counts are checked every 10 seconds.